 Dungeon Crawl Stone Soup version 0.29.1-15-g9cfb28693d (webtiles) character file.

Game seed: 12697411670875138412

2 hawla the Chiller (level 1, -16/14 HPs)
             Began as a Meteoran Ice Elementalist on Feb 28, 2023.
             Killed by divine providence
             ... invoked by an orc priest
              (17 damage)
             ... on level 3 of the Dungeon.
             The game lasted 00:00:27 (161 turns).

hawla the Chiller (Meteoran Ice Elementalist)        Turns: 161, Time: 00:00:28

Health: -16/14     AC:  2    Str:  9    XL:     1   Next: 42%
Magic:  5/5        EV: 12    Int: 16    God:
Gold:   30         SH:  0    Dex: 14    Spells: 4/5 levels left

rFire   . . .      SeeInvis .   (no weapon)
rCold   . . .      Faith    .   (no shield)
rNeg    . . .      Spirit   .   a - +0 robe
rPois   .          Reflect  .   (no helmet)
rElec   .          Harm     .   (no cloak)
rCorr   .          Rampage  .   (no gloves)
Will    .....                   (no boots)
Stlth   +.........              (no amulet)
HPRegen 0.04/turn               (no ring)
MPRegen 0.09/turn               (no ring)

@: glowing
A: sense surroundings 1, otherworldly, glowing, explore regen
a: no special abilities


You were on level 3 of the Dungeon.
You visited 1 branch of the dungeon, and saw 3 of its levels.

You collected 30 gold pieces.

Inventory:

Armour
 a - a +0 robe (worn)
Scrolls
 d - a scroll of identify {unknown}
Potions
 b - a potion of magic


   Skills:
 + Level 2.4 Dodging
 - Level 1.4 Stealth
 + Level 2.7 Spellcasting
 + Level 4.5 Ice Magic


You had 4 spell levels left.
You knew the following spells:

 Your Spells              Type           Power      Damage    Failure   Level
a - Freeze                Ice            64%        1d8       3%          1

Your spell library contained the following spells:

 Spells                   Type           Power      Damage    Failure   Level
 Frozen Ramparts          Ice            32%        1d5       9%          3
 Ozocubu's Armour         Ice            16%        N/A       9%          3
 Hailstorm                Conj/Ice       9%         3d4       58%         4


Dungeon Overview and Level Annotations

Branches:
Dungeon (3/15) Zot: 1638

Altars:


Innate Abilities, Weirdness & Mutations

You passively map a small area around you.
You are easily found by Zot.
You glow in the dark.
You regain HP and MP as you explore.


Message History

You kill the ball python!
You now have 8 gold pieces.
You now have 22 gold pieces (gained 14).
Magic restored.
Found a stone staircase leading down.
d - a scroll labelled ZYWANAP ETHI
There is a stone staircase leading down here.
You climb downwards.
Found 8 gold pieces.
There is a stone staircase leading up here.
You now have 30 gold pieces (gained 8).
You enter the shallow water.
Moving in this stuff is going to be slow.
A rat comes into view.
The rat closely misses you.
You hit the rat but do no damage. The rat misses you.
Casting: Freeze (safe; 3% risk of failure)
Confirm with . or Enter, or press ? or * to list all spells.
Aiming: Freeze (safe; 3% risk of failure)
Press: ? - help, Shift-Dir - straight line, f - rat
Aim: a rat You freeze the rat!
You kill the rat!
As you read the scroll labelled UDIDIM IFEX, it crumbles to dust.
A profound silence engulfs you.
It was a scroll of silence.
Magic scrolls do not work when you're silenced!
Unknown command.
An orc comes into view. It is wielding a +0 flail.
An orc is nearby!
An orc priest and an orc come into view.
The orc priest mumbles some strange prayers to Beogh against you.
Beogh smites you!
Ouch! That really hurt!
* * * LOW HITPOINT WARNING * * *
The orc priest looks braver for a moment.
Your hearing returns.
The orc priest mumbles some strange prayers to Beogh against you.
Beogh smites you!
Ouch! That really hurt!
You die...

#......#
#..o...#
#..o...#######
#.............
*
#..o..########
* , ##....~.#
#..~.~..#
#..~....#
##...@..#
#####..# #.##
* #.# * #.# ,
, #<# ###


You could see an orc priest and 2 orcs.

Vanquished Creatures
  A ball python (D:2)
  A rat (D:3)
2 creatures vanquished.

Notes
Turn   | Place    | Note
-------+----------+-------------------------------------------
     0 | D:1      | hawla the Meteoran Ice Elementalist began the quest for the
                  | Orb.
     0 | D:1      | Reached XP level 1. HP: 14/14 MP: 5/5
   140 | D:3      | Noticed an orc priest
   161 | D:3      | Killed from afar by an orc priest

Illustrated notes

Levels and vault maps discovered:
D:1:      shiori_arrival_oz, layout_basic, serial_glass, glass_columns_a,
          glass_columns_a, hellmonk_ecumenical_altar_slurped_away
D:2:      layout_basic, uniq_terence
D:3:      layout_basic, serial_rivers, chequers_serial_rivers_small_3,
          chequers_serial_rivers_micro_d, chequers_serial_rivers_micro_a,
          chequers_serial_rivers_micro_b, chequers_serial_rivers_room_b,
          chequers_serial_rivers_micro_c

Action                   || total
-------------------------++-------
Melee: Unarmed           ||     1
 Cast: Freeze            ||     2
  Use: Scroll            ||     1
Armor: Robe              ||     1
Dodge: Dodged            ||     2
